Map: King's Cove LE

Players

Astrea - Winner!

  • Race: Protoss Protoss
  • Spawn Location: 5:00

IndyKNerazim

  • Race: Protoss Protoss
  • Spawn Location: 11:00

Event: 2019 WCS Summer

VOD

Have the link to the VOD?

Description

Time

  • Played on: July 12, 2019, 7:41 a.m.
  • Length: 11:53

All games in this series

Show
View Real Time Build Order
Export as new Build Order

Astrea Protoss - Winner!

Build Orders: Oracle Opening 

Get SALT Encoding   

  12  0:00  Probe  
  13  0:12  Probe  
  14  0:18  Pylon  
  14  0:24  Probe  
  15  0:32  Probe  
  15  0:37  Gateway  
  15  0:40  Probe  
  16  0:46  Assimilator  
  17  0:51  Probe  
  17  0:55  Assimilator  
  18  0:59  Probe  
  19  1:07  Probe, Gateway  
  19  1:17  Probe  
  21  1:25  Cybernetics Core  
  21  1:29  Probe  
  22  1:34  Pylon  
  22  1:41  Probe  
  23  1:53  Probe  
  23  1:54  Warp Gate  
  24  2:01  Stalker x2  
  24  2:06  Probe  
  29  2:11  Pylon  
  29  2:18  Probe  
  30  2:31  Probe, Adept x2  
  35  2:40  Stargate  
  35  2:43  Probe  
  36  3:09  Nexus  
  35  3:17  Probe  
  36  3:20  Oracle  
  34  3:29  Probe  
  38  3:34  Pylon  
  38  3:41  Probe  
  38  3:52  Stalker  
  38  3:53  Stalker  
  42  3:57  Shield Battery  
  42  3:59  Shield Battery  
  42  4:02  Void Ray  
  46  4:12  Probe  
  47  4:38  Stalker, Sentry  
  42  4:45  Void Ray  
  37  5:02  Stalker  
  37  5:04  Stalker  
  32  5:15  Probe  
  29  5:26  Stalker  
  29  5:28  Stalker  
  28  5:32  Probe  
  27  5:36  Probe  
  28  5:44  Probe  
  28  5:48  Probe  
  28  5:49  Sentry  
  32  5:56  Probe  
  33  6:00  Probe  
  33  6:01  Phoenix  
  34  6:08  Probe  
  35  6:12  Stalker  
  35  6:13  Shield Battery  
  37  6:21  Stalker  
  39  6:37  Stalker  
  39  6:44  Probe, Shield Battery  
  39  6:45  Stalker  
  42  6:55  Stalker  
  44  7:06  Stalker  
  40  7:08  Probe  
  41  7:16  Stalker  
  41  7:19  Probe  
  41  7:20  Probe  
  45  7:32  Stalker  
  47  7:41  Sentry  
  47  7:43  Probe x2  
  51  7:47  Shield Battery  
  51  8:00  Stalker  
  49  8:07  Stalker  
  48  8:22  Stalker  
  48  8:23  Zealot  
  48  8:26  Probe x2  
  48  8:34  Pylon  
  48  8:38  Probe  
  47  8:44  Stalker x2  
  51  8:50  Probe  
  52  9:00  Shield Battery  
  52  9:09  Stalker x2  
  52  9:22  Void Ray  
  55  9:39  Zealot x2  
  55  9:49  Probe  
  52  9:56  Sentry x2  
  52  9:58  Probe  
  53  10:01  Probe  
  54  10:10  Probe  
  54  10:13  Robotics Facility  
  55  10:18  Adept x2  
  59  10:27  Probe x2  
  61  10:35  Pylon  
  61  10:38  Assimilator  
  61  10:46  Probe x2  
  63  10:51  Assimilator  
  63  10:55  Twilight Council  
  63  10:56  Adept x2  
  67  11:06  Immortal, Pylon  
  69  11:19  Adept x2  
  73  11:42  Zealot x2  
Show
View Real Time Build Order
Export as new Build Order

IndyKNerazim Protoss 

Build Orders:  

Get SALT Encoding   

  12  0:00  Probe  
  13  0:13  Probe  
  14  0:18  Pylon  
  14  0:24  Probe  
  15  0:32  Probe  
  15  0:38  Gateway  
  15  0:40  Probe  
  16  0:46  Assimilator  
  17  0:51  Probe  
  17  0:56  Assimilator  
  18  1:00  Probe  
  19  1:08  Probe  
  19  1:14  Gateway  
  19  1:17  Probe  
  21  1:26  Cybernetics Core  
  21  1:30  Probe  
  22  1:35  Pylon  
  22  1:42  Probe  
  23  1:54  Probe, Warp Gate  
  24  2:03  Adept  
  24  2:04  Adept  
  28  2:26  Pylon  
  28  2:33  Stalker, Pylon  
  28  2:37  Robotics Facility  
  30  2:41  Gateway  
  30  2:50  Shield Battery  
  30  2:51  Sentry  
  32  3:03  Stalker  
  34  3:20  Probe, Warp Prism  
  33  3:35  Pylon  
  33  3:42  Stalker x2  
  33  3:43  Stalker  
  39  4:08  Stalker x3  
  45  4:16  Pylon  
  41  4:26  Probe  
  39  4:35  Stalker  
  38  4:57  Stalker x2  
  34  5:01  Stalker  
  36  5:24  Warp Prism  
  34  5:28  Stalker  
  34  5:29  Stalker  
  26  5:41  Probe  
  25  5:49  Stalker x2  
  29  5:50  Stalker  
  29  5:55  Probe  
  32  6:15  Stalker, Sentry  
  32  6:17  Stalker  
  38  6:41  Stalker x3  
  44  7:09  Stalker x2  
  40  7:33  Stalker, Zealot  
  40  7:34  Stalker  
  46  7:37  Probe  
  46  7:38  Pylon  
  47  8:07  Adept x2  
  47  8:08  Stalker  
  41  8:32  Stalker, Zealot x2  
  47  8:53  Adept x2  
  47  8:55  Sentry  
  53  9:18  Adept x3  
  53  9:21  Probe  
  53  9:22  Pylon  
  58  9:40  Warp Prism  
  58  9:45  Sentry, Zealot x2  
  44  10:04  Adept  
  46  10:10  Adept x2  
  50  10:36  Sentry, Adept x2  
  56  11:05  Adept x3  
  56  11:26  Stalker  
  56  11:27  Sentry  
  27  11:48  Sentry  
Tags
 
Add a new tag
Caveats
  • Supply blocks, unpowered buildings, or Contaminate may cause inaccurate times.
  • Supply counts are checked every 10 seconds.